 Dungeon Crawl Stone Soup version 0.18-a0-1560-ge216ca8 (webtiles) character file.

300 Hilldric the Slasher (level 6, -6/50 HPs)
             Began as a Hill Orc Gladiator on Mar 13, 2016.
             Mangled by an ogre
             ... wielding a +0 giant club
              (29 damage)
             ... on level 4 of the Dungeon.
             The game lasted 00:14:59 (6240 turns).

Hilldric the Slasher (Hill Orc Gladiator)           Turns: 6240, Time: 00:14:59

Health: -6/50      AC:  9    Str: 20    XL:     6   Next: 36%
Magic:  6/6        EV: 11    Int:  8    God:
Gold:   248        SH:  0    Dex: 11    Spells: 0 memorised, 5 levels left

rFire  . . .     SeeInvis .     a - +0 long sword
rCold  . . .     Gourm    .     u - +0 ring mail
rNeg   . . .     Faith    .     (no shield)
rPois  .         Spirit   .     c - +0 helmet
rElec  .         Dismiss  .     g - +0 cloak
rCorr  .         Reflect  .     k - +0 pair of gloves
SustAt +         Harm     .     (no boots)
MR     .....     Rnd*Tele +     (no amulet)
Stlth  +.........               o - ring of teleportation (curse)
                                r - ring of sustain attributes

@: not resistant to hostile enchantments, very unstealthy
A: no striking features
a: no special abilities


You were on level 4 of the Dungeon.
You were full.

You visited 1 branch of the dungeon, and saw 5 of its levels.

You collected 248 gold pieces.

Inventory:

Hand Weapons
 a - a +0 long sword (weapon)
Missiles
 d - 3 throwing nets (quivered)
Armour
 c - a +0 helmet (worn)
 g - a +0 cloak (worn)
 k - a +0 pair of gloves (worn)
 u - a +0 ring mail (worn)
Jewellery
 e - an uncursed ring of wizardry
 h - an uncursed ring of positive energy
 j - an uncursed ring of flight
 o - a cursed ring of teleportation (right hand)
 r - a ring of sustain attributes (left hand)
Wands
 f - a wand of acid (9/15)
 s - a wand of teleportation (4/9)
Scrolls
 i - a scroll of fear
Potions
 l - a potion of resistance {unknown}
 m - 2 potions of magic {unknown}
 n - a potion of mutation {unknown}
 p - a potion of heal wounds {unknown}


   Skills:
 - Level 2.4 Fighting
 + Level 5.4 Long Blades
 - Level 1.7 Throwing
 - Level 5.0 Armour
 - Level 2.4 Dodging


You had 5 spell levels left.
You didn't know any spells.

Dungeon Overview and Level Annotations

Branches:
Dungeon (5/15)
 Temple: D:4-7

Altars:
Ashenzari
Kikubaaqudgha
Pakellas
Sif Muna
Vehumet
The Shining One

Annotations:
D:2 Crazy Yiuf
D:5 Uhlv's ghost, novice GrFi


Message History

The ogre shouts!
A sky beast comes into view.
There is a stone staircase leading up here.
A worker ant comes into view.
The worker ant twitches its antennae in your direction.
The ogre hits you with a giant club!
You climb upwards.
There is a stone staircase leading down here.
You barely miss the ogre. You hit the ogre.
The ogre is lightly wounded.
The ogre hits you with a giant club!
You hit the ogre.
The ogre is lightly wounded.
The ogre hits you with a giant club!
You barely miss the ogre.
The ogre is lightly wounded.
The ogre hits you with a giant club!!
Ouch! That really hurt!
You die...

#...# #.# #.....###.# #...#
#.# #.#.#.# #.# #...# #.# #
#...# #.# ######...## #.#
#.....#.# ..).......## #.#
#.#.#.#.# ##.........# #.#
#.#.#.#.# #.........# #.#
..#.. #.#
##......(..###.#####.....#.#
................@O.......#.#
######.###..####.###.#####.#
#.# ##..........# ###.#
#.####[..##.###.###...#
#........#....#..)#.###
######...#..#.#.#.#.#
#..........#.#.#
#.#..#.....#.#.#
#.##.#...<.#.#.#


You could see an ogre.

Vanquished Creatures
  A phantom (D:4)
  A giant frog skeleton (D:4)
  A worker ant (D:4)
  7 adders
  An ooze (D:3)
  An adder skeleton (D:4)
  A worm (D:3)
  2 dart slugs (D:1)
  3 giant geckos
  6 orcs (D:4)
  2 bats
  3 giant cockroaches
  9 hobgoblins
  9 jackals
  A quokka (D:2)
  2 ball pythons
  8 giant newts
  7 goblins
  3 kobolds (D:1)
  12 rats
80 creatures vanquished.

Notes
Turn   | Place    | Note
--------------------------------------------------------------
     0 | D:1      | Hilldric the Hill Orc Gladiator began the quest for the Orb.
     0 | D:1      | Reached XP level 1. HP: 18/18 MP: 1/1
    22 | D:1      | Reached skill level 1 in Armour
   121 | D:1      | Reached XP level 2. HP: 18/25 MP: 2/2
   600 | D:1      | Reached XP level 3. HP: 14/30 MP: 3/3
  1126 | D:2      | Reached XP level 4. HP: 14/37 MP: 4/4
  1927 | D:3      | Noticed Crazy Yiuf
  3759 | D:3      | You fall through a shaft!
  3890 | D:4      | Reached XP level 5. HP: 23/42 MP: 5/5
  4208 | D:4      | Found a deep blue altar of Sif Muna.
  4279 | D:3      | Found an oddly glowing altar of Pakellas.
  4279 | D:3      | Found an ancient bone altar of Kikubaaqudgha.
  4280 | D:3      | Found a shattered altar of Ashenzari.
  4281 | D:3      | Found a glowing golden altar of the Shining One.
  4282 | D:3      | Found a radiant altar of Vehumet.
  4417 | D:3      | Reached skill level 5 in Armour
  4992 | D:4      | Noticed a phantom
  5032 | D:4      | Killed a phantom
  5032 | D:4      | Reached skill level 5 in Long Blades
  5032 | D:4      | Reached XP level 6. HP: 40/50 MP: 6/6
  5813 | D:5      | Entered Level 5 of the Dungeon
  5813 | D:5      | Noticed Uhlv's ghost (novice GrFi)
  6232 | D:5      | Noticed a sky beast
  6240 | D:4      | Mangled by an ogre

Vault maps used:
D:1:      scummos_arrival_forest, st_stairs_13, minivault_19
D:2:      first_bread
D:3:      minitemple, uniq_crazy_yiuf_cottage
D:4:      overflow_temple_1_default
D:5:      makhleb_heckhound_becter

Skill      XL: |  1  2  3  4  5 |
---------------+----------------+-----
Armour         | 1 2 3 4 5 |  5.0
Long Blades    | 5 |  5.4
Fighting       | |  2.4
Throwing       | |  1.7
Dodging        | |  2.4

Action                   |  1- 3 |  4- 6 || total
-------------------------+-------+-------++-------
Melee: Long sword        |   141 |   258 ||   399
  Use: Scroll            |     2 |     4 ||     6
       Potion            |       |     2 ||     2
  Eat: Bread ration      |       |     4 ||     4
       Beef jerky        |       |     2 ||     2
       Royal jelly       |       |     1 ||     1
